 Dungeon Crawl Stone Soup version 0.23-a0-295-g2e428d4 (webtiles) character file.

76 Ijustatesigmund the Conjurer (level 4, 0/27 HPs)
             Began as an Octopode Wizard on Oct 4, 2018.
             Killed by nerve-wracking pain
             ... invoked by an orc priest
              (13 damage)
             ... on level 3 of the Dungeon.
             The game lasted 00:04:16 (2886 turns).

Ijustatesigmund the Conjurer (Octopode Wizard)      Turns: 2886, Time: 00:04:18

Health: 0/27       AC:  1    Str:  6    XL:     4   Next: 32%
Magic:  3/8        EV: 13    Int: 20    God:
Gold:   144        SH:  0    Dex: 11    Spells: 6/9 levels left

rFire    . . .     SeeInvis .   f - +0 war axe
rCold    . . .     Gourm    .   (no shield)
rNeg     . . .     Faith    .   a - +0 hat
rPois    .         Spirit   .   b - amulet of regeneration
rElec    .         Reflect  .   (no ring)
rCorr    .         Harm     .   (no ring)
MR       .....                  (no ring)
Stlth    +++.......             (no ring)
HPRegen  0.49/turn              (no ring)
MPRegen  0.11/turn              (no ring)
                                (no ring)
                                (no ring)

@: very slightly contaminated
A: almost no armour, stealthy swim, amphibious, 8 rings, constrict 8, camouflage
1, gelatinous body 1
a: no special abilities


You were on level 3 of the Dungeon.
You were not hungry.

You visited 1 branch of the dungeon, and saw 3 of its levels.

You collected 144 gold pieces.

Inventory:

Hand Weapons
 f - a +0 war axe (weapon)
Armour
 a - a +0 hat (worn)
Jewellery
 b - an amulet of regeneration (around mantle)
Scrolls
 d - 3 scrolls of identify
 g - a scroll of fear
Potions
 e - a potion of flight
Comestibles
 c - 7 rations
 h - 3 chunks of flesh


   Skills:
 - Level 2.0 Dodging
 - Level 2.6 Stealth
 - Level 3.0 Spellcasting
 + Level 3.1 Conjurations
   Level 1.0 Summonings
 + Level 2.5 Translocations


You had 6 spell levels left.
You knew the following spells:

 Your Spells              Type           Power        Failure   Level  Hunger
a - Magic Dart            Conj           ###.         3%          1    None
b - Blink                 Tloc           N/A          8%          2    ##.....

Your spell library contained the following spells:

 Spells                   Type           Power        Failure   Level  Hunger
 Call Imp                 Summ           #.......     14%         2    ##.....
 Slow                     Hex            #.......     22%         2    ##.....
 Conjure Flame            Conj/Fire      #.......     22%         3    ###....
 Mephitic Cloud           Conj/Pois/Air  #.......     28%         3    ###....


Dungeon Overview and Level Annotations

Branches:
Dungeon (3/15)

Altars:


Innate Abilities, Weirdness & Mutations

You cannot wear most types of armour.
You are very stealthy in the water. (Stealth+)
You are amphibious.
You can wear up to eight rings at the same time.
You can use your tentacles to constrict eight enemies at once.
Your skin changes colour to match your surroundings (Stealth+).
Your rubbery body absorbs attacks. (AC +1, EV +1)


Message History

Aim: an orc priest, wielding a short sword and wearing a ring mail (moderately The magic dart hits the orc priest.
The orc priest is moderately wounded.
Casting: Magic Dart (safe; 3% risk of failure)
Confirm with . or Enter, or press ? or * to list all spells.
Aiming: Magic Dart (safe; 3% risk of failure)
Press: ? - help, Shift-Dir - straight line, f/p - orc priest
Aim: an orc priest, wielding a short sword and wearing a ring mail (moderately The magic dart hits the orc priest.
The orc priest is heavily wounded.
You hit the orc priest. Your grab misses the orc priest.
The orc priest is severely wounded.
The orc priest closely misses you.
You hit the orc priest. Your grab misses the orc priest.
The orc priest is almost dead.
The orc priest calls down the wrath of Beogh upon you.
Beogh smites you!
The orc priest invokes the aid of Beogh against you.
Pain shoots through your body!
You die...

### #@# #o#
#.# #.#
######### #.#
#........
#.###.########
#...(((.......
###oo.).†.####
####........


You could see an orc priest.

Vanquished Creatures
  An orc priest (D:3)
  An ooze (D:1)
  A dart slug (D:1)
  2 leopard geckos
  2 orcs (D:2)
  9 bats
  3 giant cockroaches
  3 hobgoblins
  A quokka (D:2)
  5 frilled lizards
  2 goblins
  4 kobolds
  3 rats
37 creatures vanquished.

Notes
Turn   | Place    | Note
-------+----------+-------------------------------------------
     0 | D:1      | Ijustatesigmund the Octopode Wizard began the quest for the
                  | Orb.
     0 | D:1      | Reached XP level 1. HP: 11/11 MP: 4/4
   642 | D:1      | Reached XP level 2. HP: 17/17 MP: 4/6
   647 | D:1      | Learned a level 2 spell: Blink
  1175 | D:1      | Reached XP level 3. HP: 21/21 MP: 1/7
  2783 | D:3      | Reached XP level 4. HP: 18/27 MP: 0/8
  2886 | D:3      | Killed from afar by an orc priest

Vault maps used:
D:1:      dpeg_arrival_prison, serial_bayou_ford_a
D:2:      serial_forest, infiniplex_forest_corner_2,
          infiniplex_forest_lined_4_way, infiniplex_forest_3_way,
          infiniplex_forest_clump_medium, infiniplex_forest_lined_3_way,
          infiniplex_forest_zigzag_1, infiniplex_forest_corner_1,
          infiniplex_forest_corner_2
D:3:      small_statue_intersection

Skill      XL: |  1  2  3 |
---------------+----------+-----
Conjurations   | 2 3 |  3.1
Translocations | 2 |  2.5
Dodging        | |  2.0
Stealth        | |  2.6
Spellcasting   | |  3.0
Summonings     | |  1.0

Action                   |  1- 3 |  4- 6 || total
-------------------------+-------+-------++-------
Melee: Unarmed           |     6 |       ||     6
       Constrict         |     4 |     1 ||     5
       War axe           |     9 |    11 ||    20
       Tentacles         |     2 |     1 ||     3
 Cast: Magic Dart        |    69 |     5 ||    74
  Use: Scroll            |     2 |       ||     2
 Stab: Sleeping          |     3 |       ||     3
  Eat: Chunk             |     4 |       ||     4
       Ration            |     1 |       ||     1
Armor: Skin              |     5 |     1 ||     6
Dodge: Dodged            |    22 |    11 ||    33

Table legend:
 A = Non-vault XP
 B = Vault XP
 C = Vault XP percentage of total XP
 D = Non-vault monster count
 E = Vault monster count
 F = Vault count percentage of total count
                 A         B        C        D         E       F
            +---------+---------+-------+---------+---------+-------
      Total |     104 |       5 |   4.6 |      34 |       3 |   8.1
            +---------+---------+-------+---------+---------+-------
        D:1 |      35 |       5 |  12.5 |      18 |       3 |  14.3
        D:2 |      23 |       0 |   0.0 |      13 |       0 |   0.0
        D:3 |      46 |       0 |   0.0 |       3 |       0 |   0.0
            +---------+---------+-------+---------+---------+-------
